 Dungeon Crawl Stone Soup version 0.23.0-3-gf3c87f2 (webtiles) character file.

Game seed: 8182781940617063594

261 Faca the Poker (level 6, -4/51 HPs)
             Began as a Merfolk Gladiator on Feb 20, 2019.
             Slain by a worker ant (5 damage)
             ... on level 3 of the Dungeon.
             The game lasted 00:06:35 (3264 turns).

Faca the Poker (Merfolk Gladiator)                  Turns: 3264, Time: 00:06:36

Health: -4/51      AC:  6    Str: 15    XL:     6   Next: 18%
Magic:  6/6        EV: 13    Int:  7    God:
Gold:   177        SH:  0    Dex: 17    Spells: 5/5 levels left

rFire    . . .     SeeInvis .   a - +0 trident
rCold    . . .     Gourm    .   (no shield)
rNeg     + . .     Faith    .   l - +0 ring mail
rPois    .         Spirit   .   c - +0 helmet
rElec    .         Reflect  .   (no cloak)
rCorr    .         Harm     .   (no gloves)
MR       .....                  (no boots)
Stlth    ++........             (no amulet)
HPRegen  0.17/turn              m - ring of positive energy
MPRegen  0.10/turn              o - ring of stealth

@: lethally poisoned (-4 -> -7), hasted, very quick
A: change form in water, swift swim, stealthy swim
a: no special abilities


You were on level 3 of the Dungeon.
You were hungry.

You visited 1 branch of the dungeon, and saw 4 of its levels.

You collected 177 gold pieces.

Inventory:

Hand Weapons
 a - a +0 trident (weapon)
Missiles
 d - 3 throwing nets (quivered)
 j - 7 javelins
Armour
 c - a +0 helmet (worn)
 l - a +0 ring mail (worn)
Jewellery
 m - a ring of positive energy (left hand)
 o - a ring of stealth (right hand)
Scrolls
 b - 2 scrolls of teleportation {unknown}
 g - a scroll of remove curse {unknown}
 h - 4 scrolls of identify {unknown}
 i - a scroll of amnesia {unknown}
 p - a scroll of enchant armour {unknown}
 q - a scroll of magic mapping {unknown}
Potions
 e - a potion of agility {unknown}
 k - a potion of haste
 n - 2 potions of curing {unknown}
 r - a potion of mutation {unknown}
Comestibles
 f - 7 rations


   Skills:
 + Level 5.1 Fighting
 + Level 7.5 Polearms
 - Level 2.0 Throwing
 - Level 4.0 Dodging


You had 5 spell levels left.
You didn't know any spells.
Your spell library was empty.

Dungeon Overview and Level Annotations

Branches:
Dungeon (4/15)
 Temple: D:4-7

Altars:
Gozag
The Shining One

Annotations:
D:2 1 runed translucent door, Crazy Yiuf


Message History

The worker ant is almost dead.
You feel sick. The worker ant bites you.
* * * LOW HITPOINT WARNING * * *
You barely miss the worker ant.
The worker ant is almost dead.
The worker ant bites you.
* * * LOW HITPOINT WARNING * * *
It was a potion of haste.
You feel yourself speed up.
* * * LOW HITPOINT WARNING * * *
You feel sick. The worker ant bites you.
* * * LOW HITPOINT WARNING * * *
Unknown command.
You hit the worker ant but do no damage.
The worker ant is almost dead.
The worker ant bites you but does no damage.
You closely miss the worker ant.
The worker ant is almost dead.
* * * LOW HITPOINT WARNING * * *
You feel sick. The worker ant bites you.
You die...

#.#.##.#..#....######.#
#......#..#....# #.#
###.####..###..#
###.##### #.# #.......#
#.......# #.#
##......####.#.###.#
#.##
##.......##.#(###.#
#..# #.......##.#..##.#
##.# #.......##.##.##.#
#.# #..@a...##.......#
#.# #.......#####.####
#.# #.......# ###.# #.#
#.......###.#.## #.#
##.#...........# #.#
##.####.#.#.#.## #.#
#.......#.#.### ####
#.# #............# ...#
#†# ###.####..#.#..#


You could see a worker ant.

Vanquished Creatures
  A howler monkey (D:4)
  A bullfrog skeleton (D:4)
  A worker ant (D:4)
  Robin (D:2)
  2 gnolls (D:4)
  4 adders
  2 oozes (D:3)
  2 worms
  3 dart slugs
  A leopard gecko (D:3)
  2 orcs (D:3)
  A ball python (D:3)
  3 giant cockroaches
  18 goblins
  15 hobgoblins
  3 jackals (D:2)
  3 kobolds
  2 quokkas
  7 bats
  2 frilled lizards
  6 rats
80 creatures vanquished.

Notes
Turn   | Place    | Note
-------+----------+-------------------------------------------
     0 | D:1      | Faca the Merfolk Gladiator began the quest for the Orb.
     0 | D:1      | Reached XP level 1. HP: 16/16 MP: 1/1
   209 | D:1      | Reached XP level 2. HP: 23/23 MP: 2/2
   404 | D:1      | Reached skill level 5 in Polearms
   479 | D:2      | Found a glowing golden altar of the Shining One.
   608 | D:2      | Reached XP level 3. HP: 14/29 MP: 3/3
  1556 | D:2      | Reached XP level 4. HP: 25/35 MP: 4/4
  1799 | D:2      | Noticed Robin
  1829 | D:2      | Reached skill level 6 in Polearms
  2096 | D:2      | Killed Robin
  2173 | D:2      | Found an opulent altar of Gozag.
  2322 | D:2      | Found a runed translucent door.
  2323 | D:2      | Noticed Crazy Yiuf
  2600 | D:3      | Reached XP level 5. HP: 38/42 MP: 5/5
  3049 | D:4      | Reached skill level 7 in Polearms
  3183 | D:4      | Reached skill level 5 in Fighting
  3183 | D:4      | Reached XP level 6. HP: 51/51 MP: 6/6
  3262 | D:3      | HP: 2/51 [poisoned by a worker ant]
  3264 | D:3      | Slain by a worker ant

Skill      XL: |  1  2  3  4  5 |
---------------+----------------+-----
Polearms       | 5 6 7 |  7.5
Fighting       | 3 4 5 |  5.1
Throwing       | |  2.0
Dodging        | |  4.0

Action                   |  1- 3 |  4- 6 || total
-------------------------+-------+-------++-------
Melee: Trident           |   123 |   220 ||   343
  Use: Potion            |       |     1 ||     1
 Stab: Sleeping          |       |     2 ||     2
  Eat: Chunk             |     1 |     6 ||     7
Armor: Leather armour    |    30 |       ||    30
       Ring mail         |    14 |    54 ||    68
Dodge: Dodged            |   103 |   132 ||   235
